% Time on Ice - OKANAGAN RATTLESNAKES
Lines # - Real PCT - Wanted PCT - Time Play
Normal Forward
1 - 36% - 36% - 17:56
2 - 32% - 31% - 15:49
3 - 21% - 23% - 10:35
4 - 11% - 10% - 5:45
Normal Defense
1 - 38% - 36% - 18:53
2 - 32% - 31% - 15:53
3 - 26% - 23% - 13:05
4 - 4% - 10% - 2:14
PP Forward
1 - 51% - 55% - 3:01
2 - 49% - 45% - 2:56
PP Defense
1 - 49% - 55% - 2:55
2 - 51% - 45% - 3:02
PK Forward
1 - 62% - 55% - 2:27
2 - 38% - 45% - 1:31
PK Defense
1 - 45% - 55% - 1:47
2 - 55% - 45% - 2:11
PK3 Forward
1 - 0% - 55%
2 - 0% - 45%
PK3 Defense
1 - 0% - 55%
2 - 0% - 45%
44 Forward
1 - 0% - 55%
2 - 0% - 45%
44 Defense
1 - 0% - 55%
2 - 0% - 45%
Last Minute Offensive  - 0:00
Last Minute Defensive  - 0:00
Total
Forward - 60:00
Defense - 60:00
% Time on Ice - UTAH ICE BEARS
Lines # - Real PCT - Wanted PCT - Time Play
Normal Forward
1 - 37% - 36% - 18:17
2 - 33% - 31% - 16:17
3 - 23% - 23% - 11:34
4 - 8% - 10% - 3:57
Normal Defense
1 - 37% - 36% - 18:18
2 - 30% - 31% - 15:15
3 - 27% - 23% - 13:31
4 - 6% - 10% - 3:01
PP Forward
1 - 58% - 55% - 2:19
2 - 42% - 45% - 1:39
PP Defense
1 - 45% - 55% - 1:48
2 - 55% - 45% - 2:10
PK Forward
1 - 60% - 55% - 3:33
2 - 40% - 45% - 2:24
PK Defense
1 - 59% - 55% - 3:29
2 - 41% - 45% - 2:28
PK3 Forward
1 - 0% - 55%
2 - 0% - 45%
PK3 Defense
1 - 0% - 55%
2 - 0% - 45%
44 Forward
1 - 0% - 55%
2 - 0% - 45%
44 Defense
1 - 0% - 55%
2 - 0% - 45%
Last Minute Offensive  - 0:00
Last Minute Defensive  - 0:00
Total
Forward - 60:00
Defense - 60:00
Play-by-Play 1st period 0:01 of 1st period - Anders Lee wins face-off versus Evgeni Malkin in neutral zone. 0:12 of 1st period - Shot by Andrew Mangiapane. 0:12 of 1st period - Stopped by Laurent Brossoit without a rebound. 0:13 of 1st period - Matthew Beniers wins face-off versus Alexander Wennberg in OKANAGAN RATTLESNAKES zone. 0:16 of 1st period - Shot by Alexander Barabanov. 0:16 of 1st period - Shot Misses the Net. 0:18 of 1st period - Shot by Bowen Byram. 0:18 of 1st period - Stopped by Laurent Brossoit with a rebound. 0:20 of 1st period - Shot by Matthew Beniers. 0:20 of 1st period - Shot Misses the Net. 0:30 of 1st period - Shot by Matthew Beniers. 0:30 of 1st period - Stopped by Laurent Brossoit with a rebound. 0:34 of 1st period - Shot by Lucas Raymond. 0:34 of 1st period - Shot Misses the Net. 0:36 of 1st period - Shot by Matthew Beniers. 0:36 of 1st period - Stopped by Laurent Brossoit without a rebound. 0:37 of 1st period - Oskar Sundqvist wins face-off versus Nicholas Paul in OKANAGAN RATTLESNAKES zone. 0:51 of 1st period - Minor Penalty to Darren Helm for Slashing. 0:52 of 1st period - Evgeni Malkin wins face-off versus Oskar Sundqvist in OKANAGAN RATTLESNAKES zone. 1:00 of 1st period - Shot by MacKenzie Weegar. 1:00 of 1st period - Stopped by Laurent Brossoit with a rebound. 1:02 of 1st period - Shot by Evgeni Malkin. 1:02 of 1st period - Shot Misses the Net. 1:04 of 1st period - Shot by Andrew Mangiapane. 1:04 of 1st period - Shot Misses the Net. 1:06 of 1st period - Shot by Bowen Byram. 1:06 of 1st period - Shot Misses the Net. 1:08 of 1st period - Shot by Evgeni Malkin. 1:08 of 1st period - Stopped by Laurent Brossoit without a rebound. 1:09 of 1st period - Jordan Eberle wins face-off versus Matthew Beniers in OKANAGAN RATTLESNAKES zone. 2:27 of 1st period - Shot by Andrew Mangiapane. 2:27 of 1st period - Stopped by Laurent Brossoit without a rebound. 2:28 of 1st period - Jordan Eberle wins face-off versus Evgeni Malkin in OKANAGAN RATTLESNAKES zone. 2:28 of 1st period - Jordan Eberle is hit by Andrew Mangiapane. 2:46 of 1st period - Shot by MacKenzie Weegar. 2:46 of 1st period - Stopped by Laurent Brossoit with a rebound. 2:48 of 1st period - Shot by MacKenzie Weegar. 2:48 of 1st period - Stopped by Laurent Brossoit without a rebound. 2:49 of 1st period - Matthew Beniers wins face-off versus Oskar Sundqvist in OKANAGAN RATTLESNAKES zone. 2:51 of 1st period - Alexander Barabanov is hit by Justin Faulk and loses puck. 2:55 of 1st period - Minor Penalty to Nicholas Paul for Hooking. 2:56 of 1st period - Lars Eller wins face-off versus Blake Lizotte in UTAH ICE BEARS zone. 3:55 of 1st period - Icing by Travis Dermott. 3:56 of 1st period - Alexander Wennberg wins face-off versus Ross Colton in OKANAGAN RATTLESNAKES zone. 4:03 of 1st period - Shot by Justin Faulk. 4:03 of 1st period - Shot Misses the Net. 4:05 of 1st period - Shot by Travis Dermott. 4:05 of 1st period - Deflect By Mike Hoffman. 4:05 of 1st period - Shot Misses the Net. 4:07 of 1st period - Shot by Justin Faulk. 4:07 of 1st period - Shot Blocked by Andrew Peeke. 4:35 of 1st period - Shot by Jordan Eberle. 4:35 of 1st period - Stopped by Connor Ingram without a rebound. 4:36 of 1st period - Lars Eller wins face-off versus Blake Lizotte in UTAH ICE BEARS zone. 5:04 of 1st period - Shot by Eric Robinson. 5:04 of 1st period - Shot Hit the Post. 5:13 of 1st period - Tyson Jost is hit by MacKenzie Weegar and loses puck. 5:24 of 1st period - Shot by Luke Kunin. 5:24 of 1st period - Stopped by Connor Ingram without a rebound. 5:25 of 1st period - Alexander Wennberg wins face-off versus Matthew Beniers in UTAH ICE BEARS zone. 5:46 of 1st period - Shot by Jordan Eberle. 5:46 of 1st period - Stopped by Connor Ingram with a rebound. 5:48 of 1st period - Shot by Alexander Wennberg. 5:48 of 1st period - Stopped by Connor Ingram with a rebound. 5:50 of 1st period - Shot by Mike Hoffman. 5:50 of 1st period - Stopped by Connor Ingram without a rebound. 5:51 of 1st period - Evgeni Malkin wins face-off versus Anders Lee in UTAH ICE BEARS zone. 5:57 of 1st period - Off-side. 5:58 of 1st period - Evgeni Malkin wins face-off versus Anders Lee in neutral zone. 6:09 of 1st period - Shot by Anders Lee. 6:09 of 1st period - Stopped by Connor Ingram without a rebound. 6:10 of 1st period - Oskar Sundqvist wins face-off versus Nicholas Paul in UTAH ICE BEARS zone. 6:11 of 1st period - Shot by Colin White. 6:11 of 1st period - Shot Blocked by Tucker Poolman. 6:22 of 1st period - Nicholas Paul is hit by Adam Clendening and loses puck. 6:26 of 1st period - Nicholas Paul is hit by Justin Faulk and loses puck. 6:30 of 1st period - Nicholas Paul is hit by Justin Faulk and loses puck. 6:35 of 1st period - Shot by Kyle Okposo. 6:35 of 1st period - Deflect By Nicholas Paul. 6:35 of 1st period - Stopped by Laurent Brossoit without a rebound. 6:36 of 1st period - Anders Lee wins face-off versus Evgeni Malkin in OKANAGAN RATTLESNAKES zone. 6:47 of 1st period - Shot by Lars Eller. 6:47 of 1st period - Stopped by Connor Ingram with a rebound. 6:52 of 1st period - Off-side. 6:53 of 1st period - Alexander Wennberg wins face-off versus Matthew Beniers in neutral zone. 7:18 of 1st period - Shot by Alexander Wennberg. 7:18 of 1st period - Shot Blocked by Andrew Peeke. 7:43 of 1st period - Alexander Wennberg is hit by Alexander Barabanov and loses puck. 8:49 of 1st period - Icing by Markus Nutivaara. 8:50 of 1st period - Nicholas Paul wins face-off versus Anders Lee in OKANAGAN RATTLESNAKES zone. 8:55 of 1st period - Shot by Kyle Okposo. 8:55 of 1st period - Shot Misses the Net. 10:07 of 1st period - Shot by Evgeni Malkin. 10:07 of 1st period - Shot Misses the Net. 10:09 of 1st period - Shot by Matias Maccelli. 10:09 of 1st period - Shot Misses the Net. 10:11 of 1st period - Shot by Andrew Mangiapane. 10:11 of 1st period - Stopped by Laurent Brossoit with a rebound. 10:13 of 1st period - Shot by T.J. Brodie. 10:13 of 1st period - Shot Blocked by Justin Faulk. 10:15 of 1st period - Shot by Andrew Mangiapane. 10:15 of 1st period - Stopped by Laurent Brossoit with a rebound. 10:20 of 1st period - Andrew Mangiapane is hit by Adam Clendening and loses puck. 10:32 of 1st period - Icing by T.J. Brodie. 10:33 of 1st period - Evgeni Malkin wins face-off versus Eric Robinson in UTAH ICE BEARS zone. 10:39 of 1st period - Off-side. 10:40 of 1st period - Anders Lee wins face-off versus Matthew Beniers in neutral zone. 11:02 of 1st period - Shot by Lars Eller. 11:02 of 1st period - Shot Blocked by Bowen Byram. 11:04 of 1st period - Shot by Olli Maatta. 11:04 of 1st period - Shot Misses the Net. 11:12 of 1st period - Shot by Kevin Hayes. 11:12 of 1st period - Shot Blocked by Andrew Peeke. 11:14 of 1st period - Shot by Lars Eller. 11:14 of 1st period - Shot Blocked by Andrew Peeke. 11:22 of 1st period - Minor Penalty to Lucas Raymond for Hooking. 11:23 of 1st period - Alexander Wennberg wins face-off versus Blake Lizotte in UTAH ICE BEARS zone. 11:37 of 1st period - Shot by Mike Hoffman. 11:37 of 1st period - Stopped by Connor Ingram with a rebound. 11:39 of 1st period - Shot by Alexander Wennberg. 11:39 of 1st period - Shot Misses the Net. 11:41 of 1st period - Shot by Jordan Eberle. 11:41 of 1st period - Stopped by Connor Ingram without a rebound. 11:42 of 1st period - Lars Eller wins face-off versus Ross Colton in UTAH ICE BEARS zone. 11:43 of 1st period - Shot by Justin Faulk. 11:43 of 1st period - Shot Blocked by T.J. Brodie. 12:11 of 1st period - Shot by Justin Faulk. 12:11 of 1st period - Shot Misses the Net. 12:45 of 1st period - Shot by Alexander Wennberg. 12:45 of 1st period - Deflect By Jordan Eberle. 12:45 of 1st period - Stopped by Connor Ingram with a rebound. 13:50 of 1st period - Shot by Evgeni Malkin. 13:50 of 1st period - Shot Blocked by Victor Mete. 13:52 of 1st period - Shot by Evgeni Malkin. 13:52 of 1st period - Shot Blocked by Victor Mete. 13:57 of 1st period - Evgeni Malkin is hit by Markus Nutivaara and loses puck. 14:17 of 1st period - Shot by Matthew Beniers. 14:17 of 1st period - Stopped by Laurent Brossoit without a rebound. 14:18 of 1st period - Anders Lee wins face-off versus Nicholas Paul in OKANAGAN RATTLESNAKES zone. 14:41 of 1st period - Shot by Nicholas Paul. 14:41 of 1st period - Stopped by Laurent Brossoit with a rebound. 15:46 of 1st period - Shot by Alexander Barabanov. 15:46 of 1st period - Deflect By Lucas Raymond. 15:46 of 1st period - Shot Misses the Net. 15:48 of 1st period - Shot by Bowen Byram. 15:48 of 1st period - Shot Blocked by Travis Dermott. 15:50 of 1st period - Shot by Matthew Beniers. 15:50 of 1st period - Deflect By Lucas Raymond. 15:50 of 1st period - Shot Misses the Net. 15:52 of 1st period - Shot by Bowen Byram. 15:52 of 1st period - Shot Blocked by Darren Helm. 16:32 of 1st period - Icing by MacKenzie Weegar. 16:33 of 1st period - Anders Lee wins face-off versus Evgeni Malkin in UTAH ICE BEARS zone. 16:42 of 1st period - Shot by Anders Lee. 16:42 of 1st period - Stopped by Connor Ingram without a rebound. 16:43 of 1st period - Anders Lee wins face-off versus Ross Colton in UTAH ICE BEARS zone. 16:44 of 1st period - Shot by Lars Eller. 16:44 of 1st period - Stopped by Connor Ingram with a rebound. 16:56 of 1st period - Shot by Blake Lizotte. 16:56 of 1st period - Shot Misses the Net. 16:58 of 1st period - Shot by Ross Colton. 16:58 of 1st period - Stopped by Laurent Brossoit without a rebound. 16:59 of 1st period - Evgeni Malkin wins face-off versus Alexander Wennberg in OKANAGAN RATTLESNAKES zone. 17:02 of 1st period - Shot by Andrew Mangiapane. 17:02 of 1st period - Shot Misses the Net. 17:32 of 1st period - Jordan Eberle is hit by MacKenzie Weegar and loses puck. 17:38 of 1st period - Mike Hoffman is hit by MacKenzie Weegar and loses puck. 17:57 of 1st period - Shot by Lars Eller. 17:57 of 1st period - Deflect By Kevin Hayes. 17:57 of 1st period - Stopped by Connor Ingram with a rebound. 17:59 of 1st period - Shot by Anders Lee. 17:59 of 1st period - Shot Misses the Net. 18:04 of 1st period - Minor Penalty to MacKenzie Weegar for Hooking. 18:05 of 1st period - Lars Eller wins face-off versus Blake Lizotte in UTAH ICE BEARS zone. Goals for this period are 0 for OKANAGAN RATTLESNAKES vs 0 for UTAH ICE BEARS. Shots for this period are 13 for OKANAGAN RATTLESNAKES vs 15 for UTAH ICE BEARS. 2nd period 0:01 of 2nd period - Lars Eller wins face-off versus Blake Lizotte in neutral zone. 0:16 of 2nd period - Shot by Andrew Mangiapane. 0:16 of 2nd period - Stopped by Laurent Brossoit with a rebound. 0:20 of 2nd period - Shot by Matias Maccelli. 0:20 of 2nd period - Shot Misses the Net. 0:22 of 2nd period - Shot by Andrew Mangiapane. 0:22 of 2nd period - Goal by Andrew Mangiapane - OKANAGAN RATTLESNAKES : 0 - UTAH ICE BEARS : 1. 0:23 of 2nd period - Anders Lee wins face-off versus Matthew Beniers in neutral zone. 0:51 of 2nd period - Shot by Lucas Raymond. 0:51 of 2nd period - Stopped by Laurent Brossoit without a rebound. 0:52 of 2nd period - Evgeni Malkin wins face-off versus Oskar Sundqvist in OKANAGAN RATTLESNAKES zone. 1:37 of 2nd period - Icing by MacKenzie Weegar. 1:38 of 2nd period - Evgeni Malkin wins face-off versus Anders Lee in UTAH ICE BEARS zone. 2:10 of 2nd period - Icing by Markus Nutivaara. 2:11 of 2nd period - Matthew Beniers wins face-off versus Anders Lee in OKANAGAN RATTLESNAKES zone. 2:11 of 2nd period - Alexander Barabanov is hit by Markus Nutivaara and loses puck. 2:36 of 2nd period - Shot by Alexander Barabanov. 2:36 of 2nd period - Stopped by Laurent Brossoit without a rebound. 2:37 of 2nd period - Alexander Wennberg wins face-off versus Nicholas Paul in OKANAGAN RATTLESNAKES zone. 2:37 of 2nd period - Alexander Wennberg is hit by Nicholas Paul. 3:10 of 2nd period - Shot by Nicholas Paul. 3:10 of 2nd period - Shot Misses the Net. 3:28 of 2nd period - Icing by Justin Faulk. 3:29 of 2nd period - Alexander Wennberg wins face-off versus Matthew Beniers in OKANAGAN RATTLESNAKES zone. 4:21 of 2nd period - Icing by Lars Eller. 4:22 of 2nd period - Kevin Hayes wins face-off versus Blake Lizotte in OKANAGAN RATTLESNAKES zone. 4:33 of 2nd period - Kevin Hayes is hit by MacKenzie Weegar and loses puck. 4:44 of 2nd period - Shot by Colin White. 4:44 of 2nd period - Stopped by Connor Ingram without a rebound. 4:45 of 2nd period - Evgeni Malkin wins face-off versus Oskar Sundqvist in UTAH ICE BEARS zone. 5:27 of 2nd period - Icing by Tucker Poolman. 5:28 of 2nd period - Evgeni Malkin wins face-off versus Alexander Wennberg in UTAH ICE BEARS zone. 5:28 of 2nd period - Andrew Mangiapane is hit by Mike Hoffman and loses puck. 6:15 of 2nd period - Bowen Byram is hit by Justin Faulk and loses puck. 6:36 of 2nd period - Icing by Andrew Peeke. 6:37 of 2nd period - Nicholas Paul wins face-off ve